 Dungeon Crawl Stone Soup version 0.31.0-32-g396128a36d (webtiles) character file.

Game seed: 16873979537575010053

550 Peloso the Slasher (level 7, -1/60 HPs)
             Began as a Minotaur Fighter on Apr 10, 2024.
             Slain by an orc priest
             ... wielding a +0 mace
              (3 damage)
             ... on level 5 of the Dungeon.
             The game lasted 00:05:18 (3004 turns).

Peloso the Slasher (Minotaur Fighter)               Turns: 3004, Time: 00:05:18

Health: -1/60      AC: 13    Str: 20    XL:     7   Next: 7%
Magic:  6/6        EV:  6    Int:  5    God:
Gold:   235        SH:  5    Dex: 12    Spells: 6/6 levels left

rFire   . . .        a - +0 long sword
rCold   . . .        d - +0 buckler
rNeg    . . .        c - +0 plate armour
rPois   .            (helmet restricted)
rElec   .            (no cloak)
rCorr   .            f - +0 pair of gloves
SInv    .            (no boots)
Will    .....        (no amulet) Stlth
                     (no ring)
HPRegen 0.30/turn    (no ring)
MPRegen 0.10/turn

%: no passive effects
@: lethally poisoned (-1 -> -6), hasted, very quick
A: horns 2, retaliatory headbutt
a: no special abilities


You were on level 5 of the Dungeon.
You visited 1 branch of the dungeon, and saw 5 of its levels.

You collected 235 gold pieces.

Inventory:

Hand Weapons
 a - a +0 long sword (weapon)
Missiles
 g - a throwing net (quivered)
Armour
 b - a +0 scale mail
 c - a +0 plate armour (worn)
 d - a +0 buckler (worn)
 f - a +0 pair of gloves (worn)
Jewellery
 k - a ring of fire
Wands
 e - a wand of iceblast (7)
Scrolls
 m - a scroll of identify
 n - a scroll of enchant armour {unknown}
Potions
 h - 2 potions of might
 j - 2 potions of brilliance
 l - a potion of mutation


   Skills:
 + Level 4.9 Fighting
 + Level 6.4 Long Blades
 + Level 5.9 Armour
 + Level 1.0 Dodging
 + Level 4.8 Shields


You had 6 spell levels left.
You didn't know any spells.
Your spell library contained the following spells:

 Spells                   Type           Power      Damage    Failure   Level
 Mercury Vapours          Alch/Air       0%         N/A       100%        2
 Mephitic Cloud           Conj/Alch/Air  0%         N/A       100%        3
 Animate Dead             Necr           0%         N/A       100%        4
 Borgnjor's Vile Clutch   Necr/Erth      0%         N/A       100%        5
 Freezing Cloud           Conj/Ice/Air   0%         6-21      100%        5
 Death Channel            Necr           0%         N/A       100%        6


Dungeon Overview and Level Annotations

Branches:
Dungeon (5/15)
 Temple: D:4-7

Altars:
Qazlal

Shops:
D:1 [   D:5 =

Annotations:
D:2 Sigmund


Innate Abilities, Weirdness & Mutations

You have a pair of horns on your head.
You reflexively headbutt those who attack you in melee.


Message History

You are more poisoned.
The orc priest invokes the aid of Beogh against you.
Pain shoots through your body!
* * * LOW HITPOINT WARNING * * *
It was a potion of haste.
You feel yourself speed up.
* * * LOW HITPOINT WARNING * * *
You feel very sick.
The orc priest casts a cantrip, but nothing happens.
You slash the orc priest!
The orc priest is almost dead.
* * * LOW HITPOINT WARNING * * *
You feel sick.
Unknown command.
You slash the orc priest!
You kill the orc priest!
* * * LOW HITPOINT WARNING * * *
You feel very sick.
Unknown command.
Okay, then.
You hit the orc but do no damage. You headbutt the orc!
You kill the orc!
* * * LOW HITPOINT WARNING * * *
You feel sick.
Unknown command.
You hit the orc priest. Your headbutt misses the orc priest.
The orc priest is lightly wounded.
* * * LOW HITPOINT WARNING * * *
You feel sick.
The orc priest looks satisfied for a moment.
Unknown command.
You hit the orc priest but do no damage.
The orc priest is lightly wounded.
* * * LOW HITPOINT WARNING * * *
You feel sick.
Unknown command.
You hit the orc priest. Your headbutt misses the orc priest.
The orc priest is heavily wounded.
* * * LOW HITPOINT WARNING * * *
You feel sick. The orc priest hits you with a +0 mace.
You die...

#.##.# #.##.# #.##.#
#.##.# #.##.# #.##.#
#..#.#
##.#.##########.####
#.#........@o......
###'###########.####.
#.'∩'.#.......# #
#.#'#)#.##....#
#.#.#...##....#
#.#.######....#
#.#...........#
#.########....# #.#
#....#


You could see an orc priest.

Vanquished Creatures
  Duvessa (D:4)
  A sky beast (D:4)
  Dowan (D:4)
  A hound (D:4)
  3 orc priests
  Natasha (twice) (D:2)
  2 orc wizards (D:4)
  2 adders
  A ribbon worm (D:3)
  A dart slug (D:4)
  11 orcs
  11 ball pythons
  6 bats
  7 endoplasms
  3 giant cockroaches
  3 goblins (D:1)
  7 hobgoblins
  2 quokkas
  2 frilled lizards
  10 kobolds
  5 rats
82 creatures vanquished.

Vanquished Creatures (collateral kills)
  A dart slug (D:4)
1 creature vanquished.

Grand Total: 83 creatures vanquished

Notes
Turn   | Place    | Note
-------+----------+-------------------------------------------
     0 | D:1      | Peloso the Minotaur Fighter began the quest for the Orb.
     0 | D:1      | Reached XP level 1. HP: 19/19 MP: 0/0
     3 | D:1      | Noticed an electric eel
     4 | D:1      | Noticed an electric eel
    62 | D:1      | Reached XP level 2. HP: 24/27 MP: 1/1
   419 | D:1      | Reached skill level 3 in Long Blades
   419 | D:1      | Reached XP level 3. HP: 33/33 MP: 2/2
   484 | D:1      | Found Lyocoh's Armour Shoppe.
   696 | D:2      | Noticed Natasha
   705 | D:2      | Killed Natasha
   708 | D:2      | Reached XP level 4. HP: 30/40 MP: 3/3
   828 | D:2      | Noticed Sigmund
   843 | D:2      | Noticed Natasha
   847 | D:2      | Killed Natasha
   988 | D:3      | Reached skill level 4 in Long Blades
  1144 | D:3      | Found a stormy altar of Qazlal.
  1845 | D:4      | Reached XP level 5. HP: 31/47 MP: 4/4
  1898 | D:4      | Noticed a sky beast
  1924 | D:4      | Killed a sky beast
  1925 | D:4      | Reached skill level 5 in Long Blades
  2245 | D:4      | Noticed Duvessa
  2245 | D:4      | Noticed Dowan
  2271 | D:4      | Killed Duvessa
  2272 | D:4      | Reached skill level 5 in Armour
  2272 | D:4      | Reached XP level 6. HP: 30/53 MP: 5/5
  2295 | D:4      | Killed Dowan
  2296 | D:4      | Reached skill level 1 in Dodging
  2587 | D:4      | Reached skill level 6 in Long Blades
  2913 | D:5      | Entered Level 5 of the Dungeon
  2921 | D:5      | Found Sostru's Jewellery Boutique.
  2992 | D:5      | Reached XP level 7. HP: 46/60 MP: 6/6
  3002 | D:5      | HP: 3/60 [poisoned by an orc priest]
  3004 | D:5      | Slain by an orc priest

Illustrated notes

Levels and vault maps discovered:
D:1:      arrival_aquarium_b, layout_rooms, serial_shops,
          nicolae_shop_behind_doors
D:2:      layout_rooms, dilly_ecumenical_altar_fadedgnrine, uniq_sigmund,
          uniq_natasha
D:3:      layout_basic, general_overflow_altar, serial_curves, eino_curves_03,
          eino_curves_04
D:4:      layout_loops_corners, kennysheep_generic_room_10, uniq_duvessa
D:5:      layout_basic, hangedman_ru_absence, minmay_temple_entry_poolview,
          serial_shops, kennysheep_mini, hellmonk_ghost_happy_afterlife,
          uniq_pikel

Skill      XL: |  1  2  3  4  5  6 |
---------------+-------------------+-----
Shields        | 4 |  4.8
Armour         | 4 5 |  5.9
Fighting       | 4 |  4.9
Long Blades    | 3 4 5 6 |  6.4
Dodging        | 1 |  1.0

Action                     |  1- 3 |  4- 6 |  7- 9 || total
---------------------------+-------+-------+-------++-------
  Melee: Long sword        |    79 |   166 |    11 ||   256
         Headbutt          |    10 |    29 |     3 ||    42
    Use: Scroll            |     1 |     4 |       ||     5
         Potion            |     1 |     2 |     1 ||     4
 Armour: Scale mail        |    31 |       |       ||    31
         Plate armour      |    24 |   133 |     6 ||   163
  Dodge: Dodged            |    49 |    33 |       ||    82
  Block: Buckler           |    24 |    33 |       ||    57
